AoeStats
← Křovák

Arabia

509896222Analyzed
1v1 RM · 4d ago on Sep 28, 2026· 48m 30s· 2 players
Game mode
Random Map
Map size
Tiny (2 player)
Population
200
Speed
Normal
Resources
Standard
Victory
Conquest
Starting age
Dark Age
Ending age
Imperial Age
RankedLock teamsTeams togetherTeam positionsShared explorationLock speedFull tech treeHidden civsTurbo modeCheats
Victory
Defeat
🇨🇿 Varangians · Czechia
871
+15
🇨🇿 Malians · Czechia
856
-15
Křovák
8:40 Loom
11:15 Feudal Age
12:42 Double-Bit Axe
15:35 Horse Collar
24:13 Castle Age
23:41 Fletching
24:19 Pikeman
26:58 Bow Saw
32:50 Gold Mining
44:43 Imperial Age
43:09 Heavy Plow
ttoommaass300
5:14 Loom
9:57 Feudal Age
10:39 Horse Collar
10:49 Double-Bit Axe
20:35 Castle Age
20:37 Bloodlines
20:41 Forging
20:36 Scale Barding Armor
24:07 Husbandry
24:50 Wheelbarrow
28:19 Elite Skirmisher
30:36 Chain Barding Armor
34:18 Vendel Legacy
35:12 Fletching
39:51 Imperial Age
38:12 Hand Cart
39:23 Pikeman
40:04 Squires
42:22 Halberdier
44:49 Ballistics
45:30 Chemistry
47:36 Elite Jarl
Connection lost

Rejoining the realm…

Still unreachable

The connection could not be restored.

Session expired

The server has moved on; the page needs a fresh start.